 Dungeon Crawl Stone Soup version 0.27.1 (webtiles) character file.

Game seed: 9921641905296765769

208 ZARRMARR the Skirmisher (level 6, -4/48 HPs)
             Began as a Human Monk on Aug 28, 2021.
             Slain by an orc (6 damage)
             ... on level 2 of the Dungeon.
             The game lasted 00:14:38 (3098 turns).

ZARRMARR the Skirmisher (Human Monk)                Turns: 3098, Time: 00:14:39

Health: -4/48      AC:  7    Str: 12 (14) XL:     6   Next: 11%
Magic:  7/7        EV: 11    Int:  9 (10) God:
Gold:   68         SH:  0    Dex: 13 (15) Spells: 6/6 levels left

rFire    . . .     SeeInvis .   m - +2 hand axe (freeze)
rCold    . . .     Faith    .   (no shield)
rNeg     . . .     Spirit   .   f - +0 ring mail
rPois    .         Reflect  .   (no helmet)
rElec    .         Harm     .   (no cloak)
rCorr    .         Rampage  .   e - +1 pair of gloves
Will     .....                  (no boots)
Stlth    +.........             (no amulet)
HPRegen  0.16/turn              (no ring)
MPRegen  0.10/turn              (no ring)

@: mighty, brilliant, flying
A: no striking features
a: no special abilities


You were on level 2 of the Dungeon.
You visited 1 branch of the dungeon, and saw 3 of its levels.

You collected 68 gold pieces.

Inventory:

Hand Weapons
 a - a +0 mace
 l - a +2 short sword of venom
 m - a +2 hand axe of freezing (weapon)
Missiles
 c - 66 stones
 d - 2 javelins
 o - 17 poisoned darts (quivered)
Armour
 e - a +1 pair of gloves (worn)
 f - a +0 ring mail (worn)
Magical Staves
 q - a staff of cold
Potions
 i - 2 potions of curing
 j - 2 potions of flight
 k - a potion of brilliance
 n - a potion of attraction {unknown}


   Skills:
 + Level 4.1 Fighting
 + Level 1.7(2.7) Axes
 - Level 3.2(3.4) Maces & Flails
 + Level 1.9 Armour
 + Level 4.1 Dodging
 - Level 2.0 Stealth
 * Level 0.7 Spellcasting
 * Level 0.7 Hexes


You had 6 spell levels left.
You didn't know any spells.
Your spell library contained the following spells:

 Spells                   Type           Power      Damage    Failure   Level
 Freeze                   Ice            0%         1d3       63%         1
 Magic Dart               Conj           0%         1d3       63%         1
 Searing Ray              Conj           0%         3d3       77%         2
 Inner Flame              Hex/Fire       1%         N/A       91%         3
 Frozen Ramparts          Ice            0%         1d2       94%         3
 Cause Fear               Hex            1%         N/A       99%         4
 Fulminant Prism          Conj/Hex       0%         3d6       100%        4
 Hailstorm                Conj/Ice       0%         3d3       100%        4
 Discord                  Hex            1%         N/A       100%        8


Dungeon Overview and Level Annotations

Branches:
Dungeon (3/15)

Altars:
Beogh


Message History

The orc completely misses you.
You hit the orc. You freeze the orc.
The orc is heavily wounded.
The orc barely misses you.
The orc hits you from afar with a +0 trident.
The orc hits you with a +0 whip.
You hit the orc. You freeze the orc.
You kill the orc!
The orc hits you but does no damage. The orc closely misses you.
You hit the orc. You freeze the orc.
You kill the orc!
The orc closely misses you.
You hit the orc but do no damage.
The orc hits you with the +8 mace of Qoxoxao {holy, Stlth+}!
* * * LOW HITPOINT WARNING * * *
The orc hits you from afar with a +0 trident.
* * * LOW HITPOINT WARNING * * *
There is an escape hatch in the ceiling here.
The orc hits you with the +8 mace of Qoxoxao {holy, Stlth+}.
* * * LOW HITPOINT WARNING * * *
A mysterious force pulls you upwards. The hatch slams shut behind you.
It was a potion of flight.
You feel very buoyant.
You fly up into the air.
The orc completely misses you.
It was a potion of brilliance.
You feel clever all of a sudden.
The orc hits you with the +8 mace of Qoxoxao {holy, Stlth+}!
* * * LOW HITPOINT WARNING * * *
It was a potion of degeneration.
There was something very wrong with that liquid.
You feel weakened.
You feel dopey.
You feel clumsy. The orc closely misses you.
It was a potion of magic.
Magic courses through your body.
The orc hits you with the +8 mace of Qoxoxao {holy, Stlth+}.
* * * LOW HITPOINT WARNING * * *
It was a potion of might.
You feel very mighty all of a sudden.
The orc hits you with the +8 mace of Qoxoxao {holy, Stlth+}.
You die...

#.######...###.......
#....................
#....................
#..............##'###
#...............#.#
#...............#.#
#....####..)....#.#
#########'#.....#.###
#@................
#.o........#.#.###
#........#.#.#.# #
#........+...#.# #
#........#.###.# #
######.....# #.#
#..#..# #.#
#######..# #.#
#........# #.#


You could see an orc.

Vanquished Creatures
  An orc priest (D:3)
  The ghost of bronco the Scratcher, a weakling FeTm of Nemelex Xobeh (D:3)
  A hound skeleton (D:3)
  8 adders
  An adder skeleton (D:2)
  A worm (D:2)
  8 orcs
  5 endoplasms
  2 giant cockroaches
  A hobgoblin (D:3)
  2 jackals (D:3)
  8 kobolds
  2 quokkas
  3 ball pythons
  2 ball python skeletons (D:2)
  A ball python zombie (D:2)
  3 bats
  A frilled lizard (D:1)
  4 goblins
  2 quokka skeletons (D:2)
  3 rats
60 creatures vanquished.

Notes
Turn   | Place    | Note
-------+----------+-------------------------------------------
     0 | D:1      | ZARRMARR the Human Monk began the quest for the Orb.
     0 | D:1      | Reached XP level 1. HP: 18/18 MP: 1/1
   350 | D:1      | Reached XP level 2. HP: 24/24 MP: 2/2
   371 | D:1      | Found a faded altar of an unknown god.
  1194 | D:2      | Reached XP level 3. HP: 26/29 MP: 3/3
  1479 | D:2      | Reached skill level 1 in Armour
  1479 | D:2      | Reached XP level 4. HP: 37/37 MP: 4/4
  2354 | D:3      | Reached XP level 5. HP: 42/42 MP: 5/5
  2466 | D:3      | Reached skill level 1 in Axes
  2915 | D:3      | Found a runed translucent gate.
  2915 | D:3      | Found a runed translucent gate.
  2916 | D:3      | Found a runed translucent gate.
  2917 | D:3      | Noticed bronco's ghost (weakling FeTm)
  2918 | D:3      | Identified the +8 mace of Qoxoxao {holy, Stlth+}
  3052 | D:3      | Killed bronco's ghost
  3065 | D:3      | Reached XP level 6. HP: 31/48 MP: 6/6
  3097 | D:2      | HP: 2/48 [orc (4)]
  3098 | D:2      | Slain by an orc

Illustrated notes

Levels and vault maps discovered:
D:1:      lemuel_arrival_lava_pool, layout_loops_corners,
          ebering_ecumenical_altar_webs, minmay_misc_feat_rows
D:2:      layout_basic, serial_undead, serial_undead_e, serial_undead_d,
          serial_undead_c, serial_undead_d, serial_undead_c, serial_undead_a,
          serial_undead_d
D:3:      layout_basic, biasface_ghost_orc_armoury

Skill      XL: |  1  2  3  4  5 |
---------------+----------------+-----
Armour         | 1 |  1.9
Fighting       | 4 |  4.1
Dodging        | 4 |  4.1
Axes           | 1 |  1.7
Maces & Flails | |  3.2
Stealth        | |  2.0
Spellcasting   | |  0.7
Hexes          | |  0.7

Action                   |  1- 3 |  4- 6 || total
-------------------------+-------+-------++-------
Melee: Mace              |    14 |       ||    14
       Hand axe          |    18 |    68 ||    86
       Short sword       |       |    30 ||    30
Throw: Stone             |    18 |    33 ||    51
       Javelin           |    20 |    11 ||    31
       Dart              |       |    50 ||    50
  Use: Scroll            |     3 |     2 ||     5
       Potion            |       |     6 ||     6
Armor: Robe              |     3 |       ||     3
       Ring mail         |     7 |    29 ||    36
Dodge: Dodged            |    18 |    53 ||    71
